 Dungeon Crawl Stone Soup version 0.30-a0-358-g0d69a1922f (webtiles) character file.

Game seed: 204936874279720340

79 oldmanjim the Vexing (level 4, -1/34 HPs)
             Began as a Gnoll Hexslinger on Nov 9, 2022.
             Constricted to death by an orc priest (4 damage)
             ... on level 3 of the Dungeon.
             The game lasted 00:10:45 (1992 turns).

oldmanjim the Vexing (Gnoll Hexslinger)             Turns: 1992, Time: 00:10:45

Health: -1/34      AC:  3    Str:  9    XL:     4   Next: 37%
Magic:  4/8        EV: 10    Int: 14    God:
Gold:   123        SH:  0    Dex: 13    Spells: 5/9 levels left

rFire   . . .      SeeInvis .    b - +2 falchion (holy)
rCold   . . .      Faith    .    (no shield)
rNeg    . . .      Spirit   .    c - +0 robe
rPois   .          Reflect  .    r - +0 helmet
rElec   .          Harm     .    (no cloak)
rCorr   .          Rampage  .    (no gloves)
Will    .....                    (no boots)
Stlth   ++........               (no amulet)
HPRegen 0.25/turn                (no ring)
MPRegen 0.11/turn                (no ring)

@: grasped by roots, constricted
A: fangs 1, strong nose, distributed training
a: no special abilities


You were on level 3 of the Dungeon.
You visited 1 branch of the dungeon, and saw 3 of its levels.

You collected 123 gold pieces.

Inventory:

Hand Weapons
 a - a +1 sling
 b - a +2 falchion of holy wrath (weapon)
 n - a +0 dagger
 u - a +0 whip of pain
Missiles
 i - 2 throwing nets
 k - 30 stones
Armour
 c - a +0 robe (worn)
 r - a +0 helmet (worn)
Magical Staves
 f - a staff of cold
Jewellery
 p - a ring of ice
 t - a ring of protection from fire
Scrolls
 d - a scroll of teleportation {unknown}
 g - a scroll of magic mapping {unknown}
 j - a scroll of identify {unknown}
 l - a scroll of poison
 o - a scroll of immolation {unknown}
 s - a scroll of acquirement {unknown}
Potions
 e - a potion of might {unknown}
 h - a potion of degeneration {unknown}
 m - 3 potions of mutation {unknown}
 q - a potion of attraction {unknown}


   Skills:
 + Level 2.8 Fighting
 + Level 1.2 Short Blades
 + Level 1.2 Long Blades
 + Level 1.2 Axes
 + Level 1.2 Maces & Flails
 + Level 1.2 Polearms
 + Level 1.2 Staves
 + Level 4.6 Ranged Weapons
 + Level 1.2 Throwing
 + Level 1.2 Armour
 + Level 4.6 Dodging
 + Level 1.2 Stealth
 + Level 1.2 Shields
 + Level 1.2 Unarmed Combat
 + Level 3.0 Spellcasting
 + Level 1.0 Conjurations
 + Level 5.5 Hexes
 + Level 1.0 Summonings
 + Level 1.0 Necromancy
 + Level 1.0 Translocations
 + Level 1.0 Transmutations
 + Level 1.0 Fire Magic
 + Level 1.0 Ice Magic
 + Level 1.0 Air Magic
 + Level 1.0 Earth Magic
 + Level 1.0 Poison Magic
 + Level 1.3 Invocations
 + Level 1.2 Evocations


You had 5 spell levels left.
You knew the following spells:

 Your Spells              Type           Power      Damage    Failure   Level
a - Slow                  Hex            68%        N/A       2%          1
b - Inner Flame           Hex/Fire       11%        N/A       17%         3

Your spell library contained the following spells:

 Spells                   Type           Power      Damage    Failure   Level
 Portal Projectile        Hex/Tloc       22%        N/A       17%         3
 Cause Fear               Hex            8%         N/A       22%         4
 Summon Mana Viper        Hex/Summ       11%        N/A       83%         5
 Summon Forest            Summ/Tloc      2%         N/A       98%         5
 Summon Cactus Giant      Summ           2%         N/A       100%        6


Dungeon Overview and Level Annotations

Branches:
Dungeon (3/15)

Altars:
Ru
Trog

Shops:
D:1 *


Innate Abilities, Weirdness & Mutations

You have very sharp teeth.
Your uncanny sense of smell can sniff out nearby items.
Your experience applies equally to all skills.


Message History

Casting: Slow (safe; 2% risk of failure)
Confirm with . or Enter, or press ? or * to list all spells.
Aiming: Slow (safe; 2% risk of failure)
Press: ? - help, Shift-Dir - straight line, f/p - orc priest
Aim: an orc priest, wielding a +0 flail, wearing a +0 chain mail and carrying a wand of roots (5) (chance to affect: 50%)
The orc priest resists with some effort.
Casting: Slow (safe; 2% risk of failure)
Confirm with . or Enter, or press ? or * to list all spells.
Aiming: Slow (safe; 2% risk of failure)
Press: ? - help, Shift-Dir - straight line, f/p - orc priest
Aim: an orc priest, wielding a +0 flail, wearing a +0 chain mail and carrying a wand of roots (5) (chance to affect: 50%)
The orc priest seems to slow down.
The orc priest invokes the aid of Beogh against you.
Pain shoots through your body!
You shoot a sling bullet.
The sling bullet barely misses the orc priest.
You shoot a sling bullet. The sling bullet hits the orc priest.
The orc priest is moderately wounded.
You shoot a sling bullet.
The sling bullet closely misses the orc priest.
Your +2 falchion of holy wrath softly glows with a divine radiance!
b - a +2 falchion of holy wrath (weapon)
The orc priest hits you with a +0 flail.
You barely miss the orc priest.
The orc priest is lightly wounded.
You hit the orc priest but do no damage.
The orc priest is lightly wounded.
The orc priest hits you with a +0 flail!
You hit the orc priest. Your bite misses the orc priest.
The orc priest is heavily wounded.
The orc priest zaps a wand.
The roots erupt in riotous growth!
The grasping roots grab you!
The orc priest is unaffected.
The grasping roots constrict you.
* * * LOW HITPOINT WARNING * * *
You barely miss the orc priest.
The orc priest is heavily wounded.
The orc priest hits you with a +0 flail.
* * * LOW HITPOINT WARNING * * *
The grasping roots constrict you.
You die...

..........# #.......#
#..........# #.....#.#
#..........# ########........
####..........# #............#.#
..............# #...............
####..........####..........[...#
# ###.##....o..#...........#.<#
#####....#.#####.#.......o...##.#
...........)....@o........o......
###.#.##.#.....#.#######.........
....#.##.....#...# #.########
##..#.######.#.### #.# .#..#.#
..#.# #.# ......# ######.# #.#
#.....# ..# #.# #.# ##)#..# #.#
#.. #.# ##.#.<# #.# #.+


You could see an orc priest (slow).

Vanquished Creatures
  A hound (D:3)
  6 orcs (D:3)
  4 bats (D:1)
  4 endoplasms
  7 hobgoblins
  2 quokkas (D:1)
  A ball python (D:3)
  2 frilled lizards
  4 goblins
  5 kobolds
  4 rats
40 creatures vanquished.

Vanquished Creatures (others)
  24 fungi
24 creatures vanquished.

Grand Total: 64 creatures vanquished

Notes
Turn   | Place    | Note
-------+----------+-------------------------------------------
     0 | D:1      | oldmanjim the Gnoll Hexslinger began the quest for the Orb.
     0 | D:1      | Reached XP level 1. HP: 17/17 MP: 4/4
   104 | D:1      | Found Utumuxi's Assorted Antiques.
   135 | D:1      | Reached XP level 2. HP: 23/23 MP: 3/5
   746 | D:1      | Reached XP level 3. HP: 28/28 MP: 5/7
   910 | D:1      | Learned a level 3 spell: Inner Flame
  1585 | D:2      | Reached skill level 1 in Invocations
  1712 | D:3      | Found a sacrificial altar of Ru.
  1855 | D:3      | Found a bloodstained altar of Trog.
  1896 | D:3      | Reached skill level 1 in Short Blades
  1896 | D:3      | Reached skill level 1 in Long Blades
  1896 | D:3      | Reached skill level 1 in Axes
  1896 | D:3      | Reached skill level 1 in Maces & Flails
  1896 | D:3      | Reached skill level 1 in Polearms
  1896 | D:3      | Reached skill level 1 in Staves
  1896 | D:3      | Reached skill level 1 in Throwing
  1896 | D:3      | Reached skill level 1 in Armour
  1896 | D:3      | Reached skill level 1 in Stealth
  1896 | D:3      | Reached skill level 1 in Shields
  1896 | D:3      | Reached skill level 1 in Unarmed Combat
  1896 | D:3      | Reached skill level 1 in Evocations
  1896 | D:3      | Reached XP level 4. HP: 27/34 MP: 8/8
  1970 | D:3      | Reached skill level 1 in Conjurations
  1970 | D:3      | Reached skill level 1 in Summonings
  1970 | D:3      | Reached skill level 1 in Necromancy
  1970 | D:3      | Reached skill level 1 in Translocations
  1970 | D:3      | Reached skill level 1 in Transmutations
  1970 | D:3      | Reached skill level 1 in Fire Magic
  1970 | D:3      | Reached skill level 1 in Ice Magic
  1970 | D:3      | Reached skill level 1 in Air Magic
  1970 | D:3      | Reached skill level 1 in Earth Magic
  1970 | D:3      | Reached skill level 1 in Poison Magic
  1992 | D:3      | Constricted to death by an orc priest

Illustrated notes

Levels and vault maps discovered:
D:1:      scummos_arrival_checkerplants, layout_loops_ring, serial_shops, shop,
          minmay_misc_feat_columns, nicolae_concentric_dashed_squares_wild,
          roderic_st_hans_cross, nicolae_figureground_pulse
D:2:      layout_rooms
D:3:      layout_basic, mainiacjoe_overflow_cross_hatched,
          mainiacjoe_overflow_alcove_4, minmay_misc_feat_doors,
          uniq_crazy_yiuf_cottage, uniq_ijyb

Skill      XL: |  1  2  3  4 |
---------------+-------------+-----
Invocations    | 1 |  1.3
Short Blades   | 1 |  1.2
Long Blades    | 1 |  1.2
Axes           | 1 |  1.2
Maces & Flails | 1 |  1.2
Polearms       | 1 |  1.2
Staves         | 1 |  1.2
Throwing       | 1 |  1.2
Armour         | 1 |  1.2
Stealth        | 1 |  1.2
Shields        | 1 |  1.2
Unarmed Combat | 1 |  1.2
Spellcasting   | 3 |  3.0
Evocations     | 1 |  1.2
Conjurations   | 1 |  1.0
Summonings     | 1 |  1.0
Necromancy     | 1 |  1.0
Translocations | 1 |  1.0
Transmutations | 1 |  1.0
Fire Magic     | 1 |  1.0
Ice Magic      | 1 |  1.0
Air Magic      | 1 |  1.0
Earth Magic    | 1 |  1.0
Poison Magic   | 1 |  1.0
Fighting       | |  2.8
Ranged Weapons | |  4.6
Dodging        | |  4.6
Hexes          | |  5.5

Action                   |  1- 3 |  4- 6 || total
-------------------------+-------+-------++-------
Melee: Whip              |    11 |       ||    11
       Bite              |     1 |       ||     1
       Falchion          |       |     4 ||     4
 Fire: Sling             |   137 |     9 ||   146
 Cast: Slow              |    37 |     7 ||    44
       Inner Flame       |     1 |       ||     1
Armor: Robe              |     9 |       ||     9
Dodge: Dodged            |    39 |       ||    39

Table legend: (Time is in decaauts)
 A = Elapsed time spent in this place.
 B = Non-inter-level travel time spent in this place.
 C = Inter-level travel time spent in this place.
 D = Time resting spent in this place.
 E = Time spent auto-exploring this place.
 F = Levels seen in this place.
 G = Mean time per level.
                   A        B        C        D        E       F      G
               +--------+--------+--------+--------+--------+-----+--------+
         Total |   2014 |   1823 |    191 |      0 |   1431 |   3 |  671.3 |
       Dungeon |   2014 |   1823 |    191 |      0 |   1431 |   3 |  671.3 |
               +--------+--------+--------+--------+--------+-----+--------+

Top non-repeatable levels by time:
     D:1: 946 daAuts
     D:2: 710 daAuts
     D:3: 357 daAuts
